 Dungeon Crawl Stone Soup version 0.28-a0-1190-g77e1c55843 (webtiles) character file.

Game seed: 14327292198671727593

9 fauxio the Skirmisher (level 2, -1/24 HPs)
             Began as a Demonspawn Cinder Acolyte on Dec 19, 2021.
             Was a High Priest of Ignis.
             Slain by a ball python (3 damage)
             ... on level 1 of the Dungeon.
             The game lasted 00:06:56 (133 turns).

fauxio the Skirmisher (Demonspawn Cinder Acolyte)    Turns: 133, Time: 00:06:57

Health: -1/24      AC:  2    Str: 14    XL:     2   Next: 3%
Magic:  3/3        EV:  8    Int: 15    God:    Ignis [*****.]
Gold:   39         SH:  0    Dex:  8    Spells: 3/3 levels left

rFire   + . .      SeeInvis .   a - -1 spear (flame)
rCold   . . .      Faith    .   (no shield)
rNeg    . . .      Spirit   .   b - +0 robe
rPois   .          Reflect  .   (no helmet)
rElec   .          Harm     .   (no cloak)
rCorr   .          Rampage  .   (no gloves)
Will    .....                   (no boots)
Stlth   +.........              (no amulet)
HPRegen 0.08/turn               (no ring)
MPRegen 0.08/turn               (no ring)

@: constricted
A: hooves 1
a: Renounce Religion, Fiery Armour, Foxfire Swarm, Rising Flame


You were on level 1 of the Dungeon.
You worshipped Ignis.
Ignis was extremely pleased with you.
You visited 1 branch of the dungeon, and saw 1 of its levels.

You collected 39 gold pieces.

Inventory:

Hand Weapons
 a - a -1 spear of flaming (weapon)
Armour
 b - a +0 robe (worn)
Scrolls
 c - a scroll of identify


   Skills:
 + Level 3.2 Fighting
 + Level 2.8 Polearms
 + Level 0.3 Dodging
 + Level 1.0 Spellcasting
 + Level 2.8 Fire Magic


You had 3 spell levels left.
You didn't know any spells.
Your spell library contained the following spells:

 Spells                   Type           Power      Damage    Failure   Level
 Scorch                   Fire           18%        2d5       12%         2


Dungeon Overview and Level Annotations

Branches:
Dungeon (1/15)

Altars:


Innate Abilities, Weirdness & Mutations

You have large cloven feet.


Message History

You see here 16 gold pieces.
You now have 39 gold pieces (gained 16).
Unknown command.
You hit the endoplasm. You burn the endoplasm.
The endoplasm is heavily wounded.
The endoplasm hits you but does no damage.
You barely miss the endoplasm.
The endoplasm is heavily wounded.
The endoplasm hits you.
You hit the endoplasm. You burn the endoplasm.
You kill the endoplasm!
You have reached level 2!
Your demonic ancestry asserts itself...
Your feet thicken and deform.
You see here a +0 club.
A rat comes into view.
A frilled lizard comes into view.
A ball python comes into view.
The ball python hisses angrily.
The frilled lizard hisses angrily.
A rat comes into view.
The rat twitches its whiskers.
You hit the rat but do no damage. You kick the rat.
You kill the rat!
The ball python closely misses you. The ball python grabs you.
The ball python constricts you. The ball python bites you.
The ball python constricts you.
You hit the ball python. You burn the ball python.
You kick the ball python, but do no damage.
The ball python is severely wounded.
The ball python bites you.
* * * LOW HITPOINT WARNING * * *
The ball python constricts you.
* * * LOW HITPOINT WARNING * * *
You closely miss the ball python. Your kick misses the ball python.
The ball python is severely wounded.
The frilled lizard bites you.
* * * LOW HITPOINT WARNING * * *
The ball python bites you.
You die...

...#.................
............#..#....####
...#.#####.###.#........
........................
.....#.###.####.........
............# #........
..#.###.....###.....####
#.......).>.......
#.....###.@lr.###
..............S..####
#...####...##........#
#... #...#####........
... #.... ......#.. ^..
#.#... ##.##.....
#.#.... #.# ..... ..
.... #.. .... #.. ...


You could see a ball python, a frilled lizard and a rat.

Vanquished Creatures
  An endoplasm (D:1)
  2 goblins (D:1)
  2 hobgoblins (D:1)
  A kobold (D:1)
  A rat (D:1)
7 creatures vanquished.

Notes
Turn   | Place    | Note
-------+----------+-------------------------------------------
     0 | D:1      | fauxio the Demonspawn Cinder Acolyte began the quest for
                  | the Orb.
     0 | D:1      | Reached XP level 1. HP: 18/18 MP: 2/2
   117 | D:1      | Gained mutation: You have large cloven feet. [demonic
                  | ancestry]
   117 | D:1      | Reached XP level 2. HP: 9/24 MP: 3/3
   133 | D:1      | Slain by a ball python

Illustrated notes

Levels and vault maps discovered:
D:1:      ebering_hopf_link, layout_basic

Action                   || total
-------------------------++-------
Melee: Spear             ||    17
       Unarmed           ||     5
       Kick              ||     2
  Use: Scroll            ||     1
Armor: Robe              ||     4
Dodge: Dodged            ||     7

Table legend: (Time is in decaauts)
 A = Elapsed time spent in this place.
 B = Non-inter-level travel time spent in this place.
 C = Inter-level travel time spent in this place.
 D = Time resting spent in this place.
 E = Time spent auto-exploring this place.
 F = Levels seen in this place.
 G = Mean time per level.
                   A        B        C        D        E       F      G
               +--------+--------+--------+--------+--------+-----+--------+
         Total |    130 |    102 |     28 |      0 |      0 |   1 |  130.0 |
       Dungeon |    130 |    102 |     28 |      0 |      0 |   1 |  130.0 |
               +--------+--------+--------+--------+--------+-----+--------+

Top non-repeatable levels by time:
     D:1: 130 daAuts
